 Dungeon Crawl Stone Soup version 0.19.0-22-gd96e5fe (webtiles) character file.

8522 Mesmaeker13 the Infuser (level 11, -10/83 HPs)
             Began as a Demonspawn Skald on Nov 18, 2016.
             Was a Priest of Ashenzari.
             Mangled by a sun demon (22 damage)
             ... on level 2 of the Abyss.
             The game lasted 00:38:18 (13136 turns).

Mesmaeker13 the Infuser (Demonspawn Skald)         Turns: 13136, Time: 00:38:19

Health: -10/83     AC:  8    Str: 12    XL:     11   Next: 11%
Magic:  27/27      EV: 21    Int: 17    God:    Ashenzari [***...]
Gold:   774        SH:  4    Dex: 18    Spells: 5 memorised, 9 levels left

rFire  + + .     SeeInvis +     v - +5 spear "Luick" {flame, rElec rF+ Stlth+} (curse)
rCold  x . .     Gourm    .     b - +0 leather armour
rNeg   . . .     Faith    .     (no shield)
rPois  .         Spirit   .     (no helmet)
rElec  +         Reflect  +     J - +1 cloak
rCorr  .         Harm     .     (no gloves)
MR     .....                    t - +0 pair of boots (curse)
Stlth  +++++.....               m - +4 amulet of reflection
                                w - ring of magical power
                                k - ring of fire

@: agile
A: talons 2, yellow scales 1, nightstalker 2
a: Curse Item, Scrying, Renounce Religion


You were on level 2 of the Abyss.
You worshipped Ashenzari.
Ashenzari was most pleased with you.
You were not hungry.

You visited 2 branches of the dungeon, and saw 11 of its levels.
You visited the Abyss 1 time.
You also visited: Sewer.

You collected 774 gold pieces.

Inventory:

Hand Weapons
 v - the cursed +5 spear "Luick" (weapon) {flame, rElec rF+ Stlth+}
   (You found it on level 4 of the Dungeon)

   It has been specially enchanted to burn those struck by it, causing extra
   injury to most foes and up to half again as much damage against particularly
   susceptible opponents.
   It protects you from fire.
   It insulates you from electricity.
   It makes you more stealthy.
   It has a curse placed upon it.
 H - the +10 lajatang of the Wraith {freeze, rF+}
   (You found it on level 2 of the Abyss)

   It has been specially enchanted to freeze those struck by it, causing extra
   injury to most foes and up to half again as much damage against particularly
   susceptible opponents.
   It can also slow down cold-blooded creatures.
   It protects you from fire.
Armour
 b - a +0 leather armour (worn)
 t - a cursed +0 pair of boots (worn)
 J - a +1 cloak (worn)
Magical Staves
 Q - an uncursed staff of energy
Jewellery
 k - a ring of fire (left hand)
 m - a +4 amulet of reflection (around neck)
 w - a ring of magical power (right hand)
 y - an uncursed ring of fire
 E - a +3 amulet of reflection
 N - an uncursed ring of protection from fire
Wands
 B - a wand of teleportation (3/9)
 U - a wand of paralysis (15/24)
Scrolls
 f - a scroll of enchant weapon
 i - a scroll of teleportation
 n - 5 scrolls of remove curse
 o - 2 scrolls of amnesia
 r - 3 scrolls of fog
 u - a scroll of fear {unknown}
 x - a scroll of magic mapping {unknown}
 A - a scroll of acquirement {unknown}
 O - a scroll of immolation {unknown}
 R - 2 scrolls of silence
Potions
 j - 2 potions of brilliance
 l - a potion of flight
 p - 2 potions of haste
 q - a potion of magic
 z - a potion of mutation
 G - a potion of cure mutation
 I - a potion of agility
 M - a potion of berserk rage
Books
 c - a book of Battle

   Spells                             Type                      Level
   a - Infusion                       Charms                       1
   b - Shroud of Golubria             Charms/Translocation         2
   c - Song of Slaying                Charms                       2
   d - Spectral Weapon                Hexes/Charms                 3
   e - Regeneration                   Charms/Necromancy            3
 F - a book of Changes

   Spells                             Type                      Level
   a - Beastly Appendage              Transmutation                1
   b - Sticks to Snakes               Transmutation                2
   c - Spider Form                    Transmutation/Poison         3
   d - Ice Form                       Ice/Transmutation            4
   e - Blade Hands                    Transmutation                5
 K - a book of Cantrips

   Spells                             Type                      Level
   a - Confusing Touch                Hexes                        1
   b - Animate Skeleton               Necromancy                   1
   c - Summon Small Mammal            Summoning                    1
   d - Apportation                    Translocation                1
 S - a book of Enchantments

   Spells                             Type                      Level
   a - Cause Fear                     Hexes                        4
   b - Yara's Violent Unravelling     Hexes/Transmutation          5
   c - Silence                        Hexes/Air                    5
   d - Deflect Missiles               Charms/Air                   6
   e - Discord                        Hexes                        8
 W - a Young Poisoner's Handbook

   Spells                             Type                      Level
   a - Sting                          Conjuration/Poison           1
   b - Mephitic Cloud                 Conjuration/Poison/Air       3
   c - Olgreb's Toxic Radiance        Poison                       4
   d - Alistair's Intoxication        Transmutation/Poison         5
   e - Venom Bolt                     Conjuration/Poison           5
Comestibles
 d - a bread ration
 g - 2 beef jerkies
 h - 7 meat rations
 s - 11 royal jellies
 X - 6 fruits
 Z - a slice of pizza


   Skills:
 + Level 6.4 Fighting
   Level 3.5(5.2) Axes
 + Level 5.9(9.2) Polearms
 - Level 0.8 Armour
 + Level 6.9 Dodging
 - Level 5.0 Spellcasting
 + Level 4.5 Hexes
 - Level 8.0 Charms
 - Level 5.2 Translocations


You had 9 spell levels left.
You knew the following spells:

 Your Spells              Type           Power        Failure   Level  Hunger
a - Infusion              Chrm           ####         1%          1    None
b - Song of Slaying       Chrm           ####....     1%          2    #......
c - Shroud of Golubria    Chrm/Tloc      ####......   1%          2    #......
d - Regeneration          Chrm/Necr      ###.......   12%         3    ###....
e - Spectral Weapon       Hex/Chrm       ####....     4%          3    ###....


Dungeon Overview and Level Annotations

Branches:
Dungeon (10/15)            Temple (1/1) D:5            Lair (0/6) D:10
    Orc: D:9-12

Altars:
Ashenzari
Cheibriados
Dithmenos
Elyvilon
Fedhas
Gozag
Hepliaklqana
Kikubaaqudgha
Makhleb
Nemelex Xobeh
Okawaru
Qazlal
Ru
Sif Muna
Trog
Uskayaw
Vehumet
Xom
Yredelemnul
Zin
The Shining One

Shops:
D:8 %

Annotations:
D:8 exclusions: ice statue and orange crystal statue


Innate Abilities, Weirdness & Mutations

You have razor-sharp toenails.
You are partially covered in yellow scales. (AC +2)
You are significantly more attuned to the shadows.


Message History

Okay, then.
As you read the scroll labeled GEPNIU FIRGHUA, it crumbles to dust.
You speak a Word of immense power!
You are blasted by holy energy!
* * * LOW HITPOINT WARNING * * *
The ufetubus convulses!
You kill the ufetubus!
The sun demon convulses!
The ufetubus convulses!
You kill the ufetubus!
The ynoxinul convulses!
You kill the ynoxinul!
The ufetubus disappears in a puff of smoke!
It was a scroll of holy word.
The sun demon is lost in a daze.
You block the sun demon's attack.
You hit the sun demon.
The sun demon is severely wounded.
The sun demon misses you.
You hit the sun demon.
The sun demon is almost dead.
The sun demon hits you!!
You die...

* ., # * , , ⌠,,
* ,*, * * * ,,, ,
* * ,* * *,⌠,, ⌠,
, # #* ,* * **, ,
# #, ** ,⌠, ,
*#.# , * ,#### ,,
#.# , ** #@.# ,
#.#### #####3#* ,
* , . .....
..##.## **,
..######......#*,
..* ,
,#.#..#...., * .#
*,,#......###*
.** ,,*#.###.##*,
.# ..##, ... , ,,
, , ., ,*.##****,


You could see a sun demon (dazed).

Vanquished Creatures
  The ghost of Kenran the Martial Artist, a novice DgTm (D:9)
  A hill giant (D:10)
  A wizard (D:10)
  An ugly thing (D:7)
  An ancient zyme (Abyss:2)
  A troll (D:9)
  3 hippogriffs
  A ynoxinul (Abyss:2)
  A wyvern (D:9)
  3 yaks (D:10)
  Eustachio (D:4)
  A chaos spawn (Abyss:2)
  The ghost of bombpersons the Covered, an amateur HuWn of Qazlal (D:3)
  A hungry ghost (D:10)
  3 water moccasins
  2 black bears (D:7)
  5 sky beasts
  2 orc warriors
  An eye of draining (D:8)
  2 boggarts (D:10)
  2 ice beasts (D:10)
  A phantom (D:6)
  4 ogres
  2 centaurs
  A crocodile (D:10)
  4 bullfrogs
  A big kobold (D:10)
  A wyvern zombie (D:10)
  4 wights (D:9)
  5 killer bees (D:9)
  2 howler monkeys
  2 crimson imps
  A centaur zombie (D:10)
  4 hounds
  A bullfrog skeleton (D:7)
  4 jellies
  3 orc wizards
  6 orc priests
  6 iguanas
  7 worker ants
  A worker ant zombie (D:7)
  3 howler monkey skeletons
  18 adders
  4 gnolls (D:7)
  2 shadow imps
  A white imp (Abyss:2)
  An ufetubus (Abyss:2)
  6 oozes
  3 adder zombies
  A worm (D:4)
  2 dart slugs
  5 leopard geckos
  19 orcs
  6 bats
  19 giant cockroaches
  8 goblins
  5 hobgoblins
  4 jackals (D:5)
  3 quokkas
  3 ball pythons (Sewer)
  3 frilled lizards (Sewer)
  A giant cockroach zombie (D:5)
  11 kobolds
  9 rats
232 creatures vanquished.

Vanquished Creatures (others)
  4 starspawn tentacles (Abyss:2)
4 creatures vanquished.

Grand Total: 236 creatures vanquished

Notes
Turn   | Place    | Note
-------+----------+-------------------------------------------
     0 | D:1      | Mesmaeker13 the Demonspawn Skald began the quest for the Orb.
     0 | D:1      | Reached XP level 1. HP: 16/16 MP: 3/3
   433 | D:1      | Gained mutation: You are partially covered in yellow scales. (AC +2) [demonic ancestry]
   433 | D:1      | Reached XP level 2. HP: 21/22 MP: 5/5
   880 | D:2      | Learned a level 2 spell: Song of Slaying
   913 | D:2      | Reached skill level 3 in Charms
   913 | D:2      | Gained mutation: You are slightly more attuned to the shadows. [demonic ancestry]
   913 | D:2      | Reached XP level 3. HP: 3/27 MP: 6/6
  2053 | D:3      | Reached XP level 4. HP: 33/33 MP: 8/8
  2130 | D:3      | Learned a level 2 spell: Shroud of Golubria
  2182 | D:3      | Noticed bombpersons's ghost (amateur HuWn)
  3046 | D:4      | Noticed an ogre
  3090 | D:4      | Gained mutation: You are significantly more attuned to the shadows. [demonic ancestry]
  3090 | D:4      | Reached XP level 5. HP: 24/38 MP: 4/10
  3338 | D:4      | Noticed Eustachio
  3472 | D:4      | Killed an ogre
  3472 | D:4      | Reached skill level 4 in Charms
  3832 | D:4      | Got a pitted spear
  3833 | D:4      | Identified the +5 spear "Luick" {flame, rElec rF+ Stlth+} (You found it on level 4 of the Dungeon)
  3844 | D:4      | Noticed an ogre
  3862 | D:4      | Killed an ogre
  3862 | D:4      | Reached XP level 6. HP: 44/44 MP: 11/11
  3899 | D:4      | Killed Eustachio
  3899 | D:4      | Reached skill level 1 in Polearms
  3951 | D:4      | Reached XP level 7. HP: 36/50 MP: 13/13
  4183 | D:4      | Reached skill level 5 in Charms
  4898 | D:5      | Entered Level 5 of the Dungeon
  5250 | D:5      | Found a staircase to the Ecumenical Temple.
  5267 | Temple   | Entered the Ecumenical Temple
  5478 | Temple   | Became a worshipper of Ashenzari the Shackled
  5724 | D:5      | Reached skill level 5 in Spellcasting
  5951 | D:3      | Killed bombpersons's ghost
  5951 | D:3      | Reached skill level 1 in Dodging
  5951 | D:3      | Reached XP level 8. HP: 11/56 MP: 15/15
  6339 | D:6      | Reached skill level 1 in Translocations
  6463 | D:6      | Found a glowing drain.
  6473 | Sewer    | Entered a sewer
  7879 | D:7      | Reached skill level 6 in Charms
  8112 | D:7      | Learned a level 3 spell: Regeneration
  8186 | D:7      | Reached * piety under Ashenzari
  8358 | D:7      | Gained mutation: You have sharp toenails. [demonic ancestry]
  8358 | D:7      | Reached XP level 9. HP: 49/61 MP: 16/16
  9063 | D:8      | Found Nacsek's Food Emporium.
  9268 | D:8      | Noticed an ice statue
  9434 | D:8      | Reached skill level 7 in Charms
  9557 | D:8      | Noticed a brown ugly thing
  9584 | D:7      | Killed a brown ugly thing
 10162 | D:8      | Noticed an orange crystal statue
 10212 | D:9      | Reached skill level 5 in Dodging
 10253 | D:9      | Reached skill level 5 in Translocations
 10277 | D:9      | Gained mutation: You have razor-sharp toenails. [demonic ancestry]
 10277 | D:9      | Reached XP level 10. HP: 39/73 MP: 17/17
 10537 | D:9      | Learned a level 3 spell: Spectral Weapon
 10620 | D:9      | Reached ** piety under Ashenzari
 10738 | D:9      | Reached skill level 1 in Hexes
 10834 | D:9      | Noticed Kenran's ghost (novice DgTm)
 10845 | D:9      | Killed Kenran's ghost
 10845 | D:9      | Reached skill level 5 in Fighting
 10845 | D:9      | Reached skill level 8 in Charms
 11205 | D:10     | Entered Level 10 of the Dungeon
 11208 | D:10     | Found a staircase to the Lair.
 11457 | D:10     | Reached skill level 5 in Polearms
 11469 | D:10     | Noticed a hill giant
 11477 | D:10     | Killed a hill giant
 11742 | D:10     | Noticed a wizard
 11762 | D:10     | Killed a wizard
 11762 | D:10     | Reached XP level 11. HP: 53/81 MP: 18/18
 12026 | D:10     | Noticed a wizard
 12028 | D:10     | Noticed a wizard
 12028 | D:10     | Cast into level 2 of the Abyss (a wizard)
 12140 | Abyss:2  | Noticed a starcursed mass
 12142 | Abyss:2  | Noticed a thrashing horror
 12167 | Abyss:2  | Found a corrupted altar of Lugonu.
 12189 | Abyss:2  | Noticed a sixfirhy
 12208 | Abyss:2  | Noticed a wretched star
 12250 | Abyss:2  | Identified the +10 lajatang of the Wraith {freeze, rF+}
 12251 | Abyss:2  | Noticed a tentacled starspawn
 12302 | Abyss:2  | Noticed a large abomination
 12302 | Abyss:2  | Noticed a large abomination
 12318 | Abyss:2  | Noticed a spatial maelstrom
 12402 | Abyss:2  | Noticed a large abomination
 12541 | Abyss:2  | Noticed a thrashing horror
 12556 | Abyss:2  | HP: 1/83 [thrashing horror (5)]
 12657 | Abyss:2  | Noticed a tentacled starspawn
 12676 | Abyss:2  | Noticed a harpy
 12733 | Abyss:2  | Noticed a rakshasa
 12765 | Abyss:2  | Reached *** piety under Ashenzari
 12787 | Abyss:2  | Noticed a starcursed mass
 12897 | Abyss:2  | Noticed a lich
 12904 | Abyss:2  | Noticed a thrashing horror
 13024 | Abyss:2  | Noticed a tentacled starspawn
 13087 | Abyss:2  | Noticed a large abomination
 13092 | Abyss:2  | Noticed a sun demon
 13136 | Abyss:2  | Mangled by a sun demon

Skill      XL: |  1  2  3  4  5  6  7  8  9 10 |
---------------+-------------------------------+-----
Axes           | 2 3 |  3.5
Charms         | 3 4 5 6 7 8 |  8.0
Spellcasting   | 3 4 5 |  5.0
Polearms       | 2 3 4 5 |  5.9
Dodging        | 1 3 5 6 |  6.9
Translocations | 3 5 |  5.2
Fighting       | 4 6 |  6.4
Hexes          | 4 |  4.5
Armour         | |  0.8

Action                   |  1- 3 |  4- 6 |  7- 9 | 10-12 || total
-------------------------+-------+-------+-------+-------++-------
Melee: Hand axe          |   111 |    88 |       |       ||   199
       Spear             |       |    25 |   451 |   230 ||   706
Throw: Throwing net      |     1 |     5 |       |       ||     6
 Cast: Infusion          |     9 |    10 |    15 |     5 ||    39
       Shroud of Golubri |       |     2 |     9 |     4 ||    15
       Song of Slaying   |       |       |     2 |     1 ||     3
       Regeneration      |       |       |     2 |    19 ||    21
       Spectral Weapon   |       |       |       |    14 ||    14
Invok: Curse Item        |       |       |     2 |       ||     2
       Scrying           |       |       |       |     2 ||     2
Evoke: Wand              |       |       |     2 |     7 ||     9
  Use: Potion            |     2 |       |     8 |    12 ||    22
       Scroll            |       |     1 |    10 |    13 ||    24
 Stab: Sleeping          |     4 |     1 |    20 |     7 ||    32
       Distracted        |     1 |       |     4 |     1 ||     6
       Invisible         |       |       |     3 |       ||     3
  Eat: Chunk             |     4 |     3 |    15 |     8 ||    30
       Bread ration      |       |     1 |     1 |     1 ||     3
       Beef jerky        |       |       |       |     1 ||     1
Armor: Leather armour    |    49 |    42 |    73 |    34 ||   198
Dodge: Dodged            |    72 |    82 |   163 |   144 ||   461
Block: Other             |    15 |    34 |    42 |    53 ||   144
       Reflection        |       |       |       |     1 ||     1
